 Dungeon Crawl Stone Soup version 0.23-a0-550-g7de1f8e (webtiles) character file.

67 Firecrotchwizard the Firebug (level 3, -2/19 HPs)
             Began as a Deep Elf Fire Elementalist on Dec 8, 2018.
             Slain by a gnoll
             ... wielding a +0 spear of freezing
              (3 damage)
             ... on level 2 of the Dungeon.
             The game lasted 00:04:22 (1447 turns).

Firecrotchwizard the Firebug (DEFE)                 Turns: 1447, Time: 00:04:23

Health: -2/19      AC:  2    Str:  5    XL:     3   Next: 98%
Magic:  3/9        EV: 13    Int: 20    God:
Gold:   26         SH:  0    Dex: 15    Spells: 4/8 levels left

rFire    . . .     SeeInvis .   b - +0 club
rCold    . . .     Gourm    .   (no shield)
rNeg     . . .     Faith    .   a - +0 robe
rPois    .         Spirit   .   (no helmet)
rElec    .         Reflect  .   (no cloak)
rCorr    .         Harm     .   (no gloves)
MR       .....                  (no boots)
Stlth    ++........             (no amulet)
HPRegen  0.06/turn              (no ring)
MPRegen  0.11/turn              (no ring)

@: no status effects
A: no striking features
a: no special abilities


You were on level 2 of the Dungeon.
You were not hungry.

You visited 1 branch of the dungeon, and saw 2 of its levels.

You collected 26 gold pieces.

Inventory:

Hand Weapons
 b - a +0 club (weapon)
   (You took it off a kobold on level 1 of the Dungeon)
Armour
 a - a +0 robe (worn)
Scrolls
 h - a scroll of amnesia {unknown}
 i - a scroll of magic mapping {unknown}
 j - a scroll of identify {unknown}
Potions
 d - a potion of lignification {unknown}
 e - a potion of might {unknown}
 f - a potion of invisibility {unknown}
 g - a potion of heal wounds {unknown}
 k - a potion of haste {unknown}
 l - a potion of agility {unknown}
Comestibles
 c - a ration


   Skills:
 + Level 3.3 Dodging
 - Level 2.4 Stealth
 - Level 3.0 Spellcasting
 * Level 3.0 Conjurations
 + Level 3.9 Fire Magic


You had 4 spell levels left.
You knew the following spells:

 Your Spells              Type           Power        Failure   Level  Hunger
a - Flame Tongue          Conj/Fire      ###..        3%          1    None
b - Inner Flame           Hex/Fire       ##......     19%         3    ###....

Your spell library contained the following spells:

 Spells                   Type           Power        Failure   Level  Hunger
 Throw Flame              Conj/Fire      ###...       4%          2    ##.....
 Conjure Flame            Conj/Fire      ###.....     10%         3    ###....
 Sticky Flame             Conj/Fire      ###.....     32%         4    ####...
 Fireball                 Conj/Fire      ###.......   67%         5    ######.


Dungeon Overview and Level Annotations

Branches:
Dungeon (2/15)

Altars:


Message History

Aim: a kobold, wielding a +0 dagger (resting)
You miscast Flame Tongue.
You are very lightly contaminated with residual magic.
Nothing appears to happen.
You now have 8/9 mp.
Aim: a kobold, wielding a +0 dagger (resting)
The flame tongue hits the kobold.
You kill the kobold!
You now have 7/9 mp.
Aim: a kobold, wielding a +0 short sword The flame tongue hits the kobold.
You kill the kobold!
You now have 6/9 mp.
You start resting.
Your magical contamination has completely faded away.
You regained 2 mp, and now have 8/9 mp.
Things that are here:
a +0 short sword; a kobold corpse
l - a lumpy grey potion MP restored: 9
Things that are here:
a +0 short sword; a kobold corpse You see here a short sword.
All of the chunks of flesh in your inventory have rotted away.
You see here a stone.
You see here a robe.
Done exploring.
Done exploring.
Done exploring.
(D) Dungeon
Where to? (? - help)
You see here a robe.
There is a stone staircase leading down here.
You climb downwards.
There is a stone staircase leading up here.
You see here 26 sling bullets.
d - a dark potion You open the door.
A gnoll comes into view. It is wielding a +0 club.
Aim: a gnoll, wielding a +0 club The flame tongue misses the gnoll.
You now have 8/9 mp.
Aim: a gnoll, wielding a +0 club The flame tongue hits the gnoll.
You now have 7/9 mp.
Aim: a gnoll, wielding a +0 club (lightly wounded)
The flame tongue hits the gnoll.
You now have 6/9 mp.
Aim: a gnoll, wielding a +0 club (severely wounded)
The flame tongue hits the gnoll.
You kill the gnoll!
You now have 5/9 mp.
You start resting.
MP restored: 9 Memorise Inner Flame, consuming 3 spell levels and leaving 4?
You start memorising the spell.
You continue memorising. x3
You finish memorising.
Spell assigned to 'b'.
There is an open door here.
You see here a +0 club. 2 gnolls come into view.
A gnoll is wielding a +0 spear of freezing.
Aim: a gnoll, wielding a +0 whip (resting)
The flame tongue hits the gnoll.
The gnoll appears unharmed.
The gnoll shouts! x2; You hear an angry hiss.
You now have 8/9 mp.
Aim: a gnoll, wielding a +0 whip The flame tongue misses the gnoll.
You now have 7/9 mp.
Aim: a gnoll, wielding a +0 whip The flame tongue hits the gnoll.
The gnoll misses you.
You now have 6/9 mp.
There is an open door here.
You see here a +0 club.
Aim: a gnoll, wielding a +0 whip (heavily wounded)
The flame tongue hits the gnoll.
The gnoll misses you. x2
You now have 5/9 mp.
Aim: a gnoll, wielding a +0 spear of freezing The flame tongue misses the gnoll.
The flame tongue hits the gnoll.
The gnoll barely misses you.
The gnoll hits you from afar with a +0 spear of freezing!
The gnoll freezes you.
You take 9 damage, and have 10/19 hp.
MASSIVE DAMAGE!!
You now have 4/9 mp.
Unknown command.
Aim: a gnoll, wielding a +0 spear of freezing (heavily wounded)
The flame tongue hits the gnoll.
You kill the gnoll!
Your Conjurations skill increases to level 3!
The gnoll hits you from afar with a +0 spear of freezing!
* * * LOW HITPOINT WARNING * * *
The gnoll freezes you.
* * * LOW HITPOINT WARNING * * *
You take 9 damage, and have 1/19 hp.
MASSIVE DAMAGE!!
You now have 3/9 mp.
Aim: a gnoll, wielding a +0 spear of freezing (heavily wounded)
The flame tongue hits the gnoll.
The gnoll hits you from afar with a +0 spear of freezing.
You die...

#.# #.#
#.# #.#
##.###.###
#........#
#........+
#........#
#........#
#........#
######@###
#)# #g#
...g....#
..#...###
####


You could see a gnoll.

Vanquished Creatures
  3 gnolls
  2 dart slugs (D:1)
  A leopard gecko (D:1)
  8 bats (D:1)
  3 giant cockroaches (D:1)
  5 goblins (D:1)
  2 hobgoblins (D:1)
  5 kobolds (D:1)
  4 rats (D:1)
33 creatures vanquished.

Notes
Turn   | Place    | Note
-------+----------+-------------------------------------------
     0 | D:1      | Firecrotchwizard the Deep Elf Fire Elementalist began the
                  | quest for the Orb.
     0 | D:1      | Reached XP level 1. HP: 10/10 MP: 6/6
   278 | D:1      | Reached XP level 2. HP: 15/15 MP: 6/8
   331 | D:1      | Reached skill level 2 in Conjurations
   603 | D:1      | Upgraded the game from 0.23-a0-539-g3f6f39f to
                  | 0.23-a0-550-g7de1f8e
   607 | D:1      | Reached skill level 3 in Dodging
   644 | D:1      | Reached XP level 3. HP: 19/19 MP: 7/9
  1436 | D:2      | Learned a level 3 spell: Inner Flame
  1446 | D:2      | Reached skill level 3 in Conjurations
  1446 | D:2      | HP: 2/19 [gnoll/+0 spear of freezing (8)]
  1447 | D:2      | Slain by a gnoll

Vault maps used:
D:1:      dpeg_arrival_signposts, minmay_tetromino_t2
D:2:      minmay_wonky_spiral, amethyst_overflow_temple_binary, first_ration,
          uniq_jessica

Skill      XL: |  1  2  3 |
---------------+----------+-----
Conjurations   | 2 3 |  3.0
Dodging        | 3 |  3.3
Stealth        | |  2.4
Spellcasting   | |  3.0
Fire Magic     | |  3.9

Action                   || total
-------------------------++-------
Melee: Club              ||     1
 Cast: Flame Tongue      ||    65
  Eat: Chunk             ||     1
Armor: Robe              ||     8
Dodge: Dodged            ||    16

Table legend:
 A = Non-vault XP
 B = Vault XP
 C = Vault XP percentage of total XP
 D = Non-vault monster count
 E = Vault monster count
 F = Vault count percentage of total count
                 A         B        C        D         E       F
            +---------+---------+-------+---------+---------+-------
      Total |      93 |       3 |   3.1 |      31 |       2 |   6.1
            +---------+---------+-------+---------+---------+-------
        D:1 |      64 |       3 |   4.5 |      29 |       2 |   6.5
        D:2 |      29 |       0 |   0.0 |       2 |       0 |   0.0
            +---------+---------+-------+---------+---------+-------

Vault maps used:
D:1:      dpeg_arrival_signposts, minmay_tetromino_t2
D:2:      minmay_wonky_spiral, amethyst_overflow_temple_binary, first_ration,
          uniq_jessica

Table legend:
 A = Turns spent in this place as a percentage of turns spent in the entire game.
 B = Non-inter-level travel turns spent in this place as a percentage of non-inter-level travel turns spent in the entire game.
 C = Inter-level travel turns spent in this place as a percentage of turns spent in this place.
 D = Turns resting spent in this place as a percentage of non-inter-level travel turns spent in this place.
 E = Turns spent auto-exploring this place as a percentage of non-inter-level travel turns spent in this place.
 F = Non-inter-level travel turns spent in this place divided by the number of levels of this place that you've seen.
                   A       B       C       D       E      F
               +-------+-------+-------+-------+-------+----------------------
         Total | 100.0 | 100.0 |   1.7 |  29.3 |  58.4 | 711.5
       Dungeon | 100.0 | 100.0 |   1.7 |  29.3 |  58.4 | 711.5
               +-------+-------+-------+-------+-------+----------------------

Table legend:
 A = Kills in this place as a percentage of kills in entire the game.
 B = Kills by you in this place as a percentage of kills by you in the entire game.
 C = Kills by friends in this place as a percentage of kills by friends in the entire game.
 D = Other kills in this place as a percentage of other kills in the entire game.
 E = Experience gained in this place as a percentage of experience gained in the entire game.
 F = Experience gained in this place divided by the number of levels of this place that you have seen.
                   A       B       C       D       E      F
               +-------+-------+-------+-------+-------+----------------------
         Total | 100.0 | 100.0 |   N/A |   N/A | 100.0 |  48.0
       Dungeon | 100.0 | 100.0 |   N/A |   N/A | 100.0 |  48.0
               +-------+-------+-------+-------+-------+----------------------
